 Dungeon Crawl Stone Soup version 0.20-a0-433-g9e36e56 (webtiles) character file.

14 Kriby the Magician (level 2, -8/19 HPs)
             Began as a Mummy Fire Elementalist on Jan 4, 2017.
             Mangled by an iguana (12 damage)
             ... on level 1 of the Dungeon.
             The game lasted 00:00:41 (988 turns).

Kriby the Magician (Mummy Fire Elementalist)         Turns: 988, Time: 00:00:42

Health: -8/19      AC:  2    Str: 11    XL:     2   Next: 27%
Magic:  0/6        EV: 12    Int: 14    God:
Gold:   85         SH:  0    Dex: 12    Spells: 6/7 levels left

rFire  x . .     SeeInvis .     c - +0 spear
rCold  + . .     Gourm    .     a - +0 robe
rNeg   + + +     Faith    .     (no shield)
rPois  ∞         Spirit   .     (no helmet)
rElec  .         Reflect  .     (no cloak)
rCorr  .         Harm     .     (no gloves)
MR     .....                    (no boots)
Stlth  ++........               (no amulet)
                                (no ring)
                                (no ring)

@: very slightly contaminated
A: no food or potions, fire vulnerability, cold resistance 1, negative energy
resistance 3, torment resistance, unbreathing
a: no special abilities


You were on level 1 of the Dungeon.
You were not hungry.

You visited 1 branch of the dungeon, and saw 1 of its levels.

You collected 85 gold pieces.

Inventory:

Hand Weapons
 c - a +0 spear (weapon)
Armour
 a - a +0 robe (worn)
Scrolls
 d - a scroll of enchant weapon {unknown}
 e - 2 scrolls of identify {unknown}
 f - a scroll of blinking {unknown}
Books
 b - a book of Flames

   Spells                             Type                      Level
   a - Flame Tongue                   Conjuration/Fire             1
   b - Throw Flame                    Conjuration/Fire             2
   c - Conjure Flame                  Conjuration/Fire             3
   d - Inner Flame                    Hexes/Fire                   3
   e - Sticky Flame                   Conjuration/Fire             4
   f - Fireball                       Conjuration/Fire             5


   Skills:
 - Level 1.5 Dodging
 - Level 1.5 Stealth
 + Level 3.4 Spellcasting
 * Level 1.0 Conjurations
 + Level 2.5 Fire Magic


You had 6 spell levels left.
You knew the following spells:

 Your Spells              Type           Power        Failure   Level  Hunger
a - Flame Tongue          Conj/Fire      #....        12%         1    N/A

Dungeon Overview and Level Annotations

Branches:
Dungeon (1/15)

Altars:


Innate Abilities, Weirdness & Mutations

You do not eat or drink.
Your flesh is vulnerable to fire.
You are immune to poison.
Your flesh is cold resistant. (rC+)
You are immune to negative energy. (rN+++)
You are immune to unholy pain and torment.
You can survive without breathing.


Message History

The iguana is severely wounded.
The iguana bites you!
Ouch! That really hurt!
* * * LOW HITPOINT WARNING * * *
Casting: Flame Tongue
Confirm with . or Enter, or press ? or * to list all spells.
You don't have enough magic to cast that spell.
An iguana is nearby!
Casting: Flame Tongue
Confirm with . or Enter, or press ? or * to list all spells.
You don't have enough magic to cast that spell.
An iguana is nearby!
Casting: Flame Tongue
Confirm with . or Enter, or press ? or * to list all spells.
You don't have enough magic to cast that spell.
You hit the iguana.
The iguana is severely wounded.
The iguana bites you!
Ouch! That really hurt!
You die...

# #.# #............# ##
###.#########!############### .#
#............................ .#
#.#.#########.############### .#
#.#.# ##.#### .####.#.######
#.....#
.............###..###############
................l................
.####.#.##.#####@..##############
.................................
##....#.##.#.####.#.#.#####.#####
........##...#....#.#.# #.#
....#..........##[#.#.# #.#
##..#.#.####..##♣.....# #.#
##..#........###...#..# #.#
........#######P...#..# #.#
....#..## #P.P♣...# #.#


You could see an iguana.

Vanquished Creatures
  A leopard gecko (D:1)
  A bat (D:1)
  A giant cockroach (D:1)
  6 kobolds (D:1)
  A frilled lizard (D:1)
  A goblin (D:1)
  2 rats (D:1)
13 creatures vanquished.

Notes
Turn   | Place    | Note
-------+----------+-------------------------------------------
     0 | D:1      | Kriby the Mummy Fire Elementalist began the quest for the Orb.
     0 | D:1      | Reached XP level 1. HP: 13/13 MP: 4/4
   218 | D:1      | Reached skill level 3 in Spellcasting
   218 | D:1      | Reached skill level 1 in Conjurations
   399 | D:1      | Reached XP level 2. HP: 13/19 MP: 1/6
   988 | D:1      | Mangled by an iguana

Vault maps used:
D:1:      denvon_arrival_planthouse

Skill      XL: |  1 |
---------------+----+-----
Spellcasting   | 3 |  3.4
Conjurations   | 1 |  1.0
Dodging        | |  1.5
Stealth        | |  1.5
Fire Magic     | |  2.5

Action                   || total
-------------------------++-------
Melee: Spear             ||     8
 Cast: Flame Tongue      ||    25
Armor: Robe              ||     2
Dodge: Dodged            ||    17
